 Dungeon Crawl Stone Soup version 0.21.1-1-g345015fe64 (webtiles) character file.

114 AdeptTechnicus the Vandal (level 4, -4/23 HPs)
             Began as a Spriggan Hunter on July 19, 2018.
             Was an Initiate of Elyvilon.
             Killed by nerve-wracking pain
             ... invoked by an orc priest
              (13 damage)
             ... on level 3 of the Dungeon.
             The game lasted 00:13:04 (1932 turns).

AdeptTechnicus the Vandal (Spriggan Hunter)         Turns: 1932, Time: 00:13:04

Health: -4/23      AC:  2    Str:  8    XL:     4   Next: 67%
Magic:  5/5        EV: 20    Int: 12    God:    Elyvilon [......]
Gold:   103        SH:  0    Dex: 17    Spells: 1/3 levels left

rFire    . . .     SeeInvis +   a - +1 hunting sling
rCold    . . .     Gourm    .   (shield restricted)
rNeg     . . .     Faith    .   c - +0 robe
rPois    .         Spirit   .   (helmet restricted)
rElec    .         Reflect  .   (no cloak)
rCorr    .         Harm     .   (gloves unavailable)
MR       .....                  (boots unavailable)
Stlth    +++.......             (no amulet)
HPRegen  0.07/turn              (no ring)
MPRegen  0.09/turn              (no ring)

@: very quick
A: very small, unfitting armour, see invisible, herbivore, speed 3, slow
metabolism 2
a: Renounce Religion


You were on level 3 of the Dungeon.
You worshipped Elyvilon.
Elyvilon was noncommittal.
You were not hungry.

You visited 1 branch of the dungeon, and saw 3 of its levels.

You collected 103 gold pieces.

Inventory:

Hand Weapons
 a - a +1 hunting sling (weapon)
 b - a +0 short sword
 n - a +0 dagger
Missiles
 d - 8 sling bullets
 h - 8 stones (quivered)
Armour
 c - a +0 robe (worn)
Jewellery
 e - an uncursed ring of stealth {unknown}
Scrolls
 k - a scroll of remove curse {unknown}
Potions
 g - a potion of flight
 i - a potion of cancellation
 j - a potion of haste {unknown}
 m - a potion of degeneration {unknown}
Books
 l - a book of Minor Magic

   Spells                             Type                      Level
   a - Magic Dart                     Conjuration                  1
   b - Blink                          Translocation                2
   c - Call Imp                       Summoning                    2
   d - Slow                           Hexes                        2
   e - Conjure Flame                  Conjuration/Fire             3
   f - Mephitic Cloud                 Conjuration/Poison/Air       3
Comestibles
 f - 5 rations


   Skills:
 + Level 2.4 Fighting
 + Level 5.5 Slings
 + Level 4.4 Dodging
 + Level 3.7 Stealth


You had one spell level left.
You knew the following spells:

 Your Spells              Type           Power        Failure   Level  Hunger
a - Slow                  Hex            #.......     45%         2    ###....


Dungeon Overview and Level Annotations

Branches:
Dungeon (3/15)

Altars:
Elyvilon
Fedhas
Okawaru
Qazlal

Annotations:
D:3 2 transporters, Henning's ghost, amateur GrBe


Innate Abilities, Weirdness & Mutations

You are very small and have problems with some larger weapons.
You are too small for most types of armour.
You have supernaturally acute eyesight. (SInv)
You are a herbivore.
You cover ground extremely quickly.
You need consume almost no food.


Message History

You kill the orc!
Firing (i - inventory. (,) - cycle):
h - 10 stones (quivered)
Press: ? - help, Shift-Dir - straight line, f - orc
Aim: an orc, wielding a short sword and wearing a ring mail You shoot a stone.
The stone hits the orc.
The orc is severely wounded.
Firing (i - inventory. (,) - cycle):
h - 9 stones (quivered)
Press: ? - help, Shift-Dir - straight line, f/p - orc
Aim: an orc, wielding a short sword and wearing a ring mail (severely wounded)
You shoot a stone. The stone hits the orc.
You kill the orc!
The orc priest calls down the wrath of Beogh upon you.
Beogh smites you!
Ouch! That really hurt!
You hear an angry hiss.
You are too injured to fight recklessly!
The orc priest mumbles some strange prayers to Beogh against you.
Pain shoots through your body!
Ouch! That really hurt!
You die...

####### #.....# #########.....#
#######......##.....#####
........@....##.h........
############(.(.(.##.....#####
#.......# ##.(...o....h..#
#.......# #..#########........
#.......###.##hZ.©...##o(.....
#.......##..#8.#.$.#.8#.......
#...........#$$.#.#...#(.o....
#.......#...#.$.......#.(.....
####†......#..©#_$....©..#©......


You could see an orc priest, a jackal and a quokka skeleton.

Vanquished Creatures
  A howler monkey (D:2)
  2 adders (D:2)
  An ooze (D:3)
  3 dart slugs
  A leopard gecko (D:3)
  3 orcs
  3 giant cockroaches (D:1)
  5 goblins
  2 hobgoblins
  4 jackals
  2 quokkas
  A ball python (D:2)
  A bat (D:2)
  4 frilled lizards
  4 kobolds
  11 rats
48 creatures vanquished.

Notes
Turn   | Place    | Note
-------+----------+-------------------------------------------
     0 | D:1      | AdeptTechnicus the Spriggan Hunter began the quest for the Orb.
     0 | D:1      | Reached XP level 1. HP: 10/10 MP: 2/2
   223 | D:1      | Reached skill level 5 in Slings
   223 | D:1      | Reached XP level 2. HP: 15/15 MP: 3/3
   767 | D:2      | Reached XP level 3. HP: 12/18 MP: 4/4
   882 | D:3      | Found a transporter.
   894 | D:3      | Found a blossoming altar of Fedhas.
  1024 | D:2      | Found a stormy altar of Qazlal.
  1025 | D:2      | Noticed a water elemental
  1031 | D:2      | Noticed an air elemental
  1042 | D:2      | Learned a level 2 spell: Slow
  1135 | D:2      | Noticed an earth elemental
  1136 | D:2      | Noticed a fire elemental
  1161 | D:2      | Found a white marble altar of Elyvilon.
  1188 | D:2      | Became a worshipper of Elyvilon the Healer
  1263 | D:2      | Found an iron altar of Okawaru.
  1375 | D:3      | Noticed Henning's ghost (amateur GrBe)
  1418 | D:3      | Found a transporter.
  1662 | D:2      | Reached XP level 4. HP: 20/23 MP: 5/5
  1932 | D:3      | Killed from afar by an orc priest

Skill      XL: |  1  2  3 |
---------------+----------+-----
Stealth        | 2 3 |  3.7
Slings         | 5 |  5.5
Fighting       | 2 |  2.4
Dodging        | 4 |  4.4

Action                   |  1- 3 |  4- 6 || total
-------------------------+-------+-------++-------
 Fire: Hunting sling     |   123 |    29 ||   152
  Use: Scroll            |     3 |       ||     3
Armor: Robe              |     4 |     1 ||     5
Dodge: Dodged            |    40 |    14 ||    54
